 Dungeon Crawl Stone Soup version 0.19.4 (webtiles) character file.

12611 Jerry the Basher (level 12, -6/81 HPs)
             Began as a Formicid Fighter on Feb 1, 2017.
             Was an Initiate of Gozag.
             Mangled by an eight-headed hydra (12 damage)
             ... on level 11 of the Dungeon.
             The game lasted 00:49:36 (15192 turns).

Jerry the Basher (Formicid Fighter)                Turns: 15192, Time: 00:49:37

Health: -6/81      AC: 10    Str: 25    XL:     12   Next: 22%
Magic:  0/12       EV: 10    Int:  9    God:    Gozag
Gold:   284        SH: 12    Dex:  8    Spells: 0 memorised, 11 levels left

rFire  . . .     SeeInvis +     J - +4 morningstar
rCold  + . .     Gourm    .     b - +0 scale mail
rNeg   . . .     Faith    .     c - +0 shield
rPois  .         Spirit   +     (helmet unavailable)
rElec  .         Reflect  .     k - +1 cloak
rCorr  +         Harm     .     (no gloves)
MR     +....                    (no boots)
Stlth  ..........               x - amulet of guardian spirit
                                y - ring of resist corrosion
                                d - ring of protection from cold

@: drained
A: permanent stasis, dig shafts and tunnels, four strong arms, antennae 3,
clumsy 1, wild magic 1
a: Dig, Shaft Self, Potion Petition, Call Merchant, Bribe Branch, Renounce
Religion


You were on level 11 of the Dungeon.
You worshipped Gozag.
Gozag was aware of your devotion.
You were hungry.

You visited 2 branches of the dungeon, and saw 12 of its levels.

You collected 2227 gold pieces.
You spent 394 gold pieces at shops.
You paid 1549 gold pieces to Gozag.

Inventory:

Hand Weapons
 r - a +2 mace of holy wrath
 J - a +4 morningstar (weapon)
Missiles
 H - 4 exploding tomahawks (quivered)
Armour
 b - a +0 scale mail (worn)
 c - a +0 shield (worn)
 k - a +1 cloak (worn)
Jewellery
 d - a ring of protection from cold (left hand)
 x - an amulet of guardian spirit (around neck)
 y - a ring of resist corrosion (right hand)
Wands
 t - a wand of paralysis (12/24)
 v - a wand of polymorph (19/24)
 I - a wand of slowing (27/48)
Scrolls
 e - 2 scrolls of remove curse
 g - 2 scrolls of amnesia
 i - 3 scrolls of fog
 n - 3 scrolls of recharging
 q - 2 scrolls of magic mapping
 s - a scroll of identify
Potions
 h - 5 potions of curing
 j - 2 potions of cancellation
 l - 2 potions of flight
 m - 2 potions of heal wounds
 o - a potion of invisibility {unknown}
 p - 2 potions of brilliance
 u - 3 potions of lignification
 z - 3 potions of agility {unknown}
 D - 2 potions of berserk rage {unknown}
 F - 2 potions of magic {unknown}
Books
 A - a book of Transfigurations

   Spells                             Type                      Level
   a - Irradiate                      Conjuration/Transmutation    5
   b - Statue Form                    Transmutation/Earth          6
   c - Hydra Form                     Transmutation                6
   d - Dragon Form                    Transmutation                7
Miscellaneous
 B - a box of beasts
Comestibles
 f - 8 bread rations
 G - 3 meat rations


   Skills:
 - Level 3.2(2.2) Fighting
 * Level 13.2(11.9) Maces & Flails
 + Level 10.6(9.4) Armour
 + Level 11.6(10.3) Shields


You had 11 spell levels left.
You didn't know any spells.

Dungeon Overview and Level Annotations

Branches:
Dungeon (11/15)            Temple (1/1) D:6             Orc (0/2) D:9
   Lair: D:8-11

Altars:
Ashenzari
Cheibriados
Dithmenos
Elyvilon
Fedhas
Gozag
Hepliaklqana
Kikubaaqudgha
Makhleb
Nemelex Xobeh
Okawaru
Qazlal
Ru
Sif Muna
Trog
Uskayaw
Vehumet
Xom
Yredelemnul
Zin
The Shining One

Shops:
D:8 %   D:10 (


Innate Abilities, Weirdness & Mutations

You are under a permanent stasis effect.
You can dig through walls and to a lower floor.
Your four strong arms can wield two-handed weapons with a shield.
You have a pair of large antennae on your head. (SInv)
You are clumsy. (Dex -2)
Your spells are a little harder to cast, but a little more powerful.


Message History

You block the eight-headed hydra's attack.
The eight-headed hydra bites you.
* * * LOW HITPOINT WARNING * * *
The eight-headed hydra closely misses you.
You feel much better. The eight-headed hydra bites you!
The eight-headed hydra barely misses you.
You block the eight-headed hydra's attack. x2
The eight-headed hydra bites you. x3
* * * LOW HITPOINT WARNING * * *
The eight-headed hydra bites you!
* * * LOW HITPOINT WARNING * * *
You barely miss the eight-headed hydra.
The eight-headed hydra is severely wounded.
The eight-headed hydra bites you!
* * * LOW HITPOINT WARNING * * *
You block the eight-headed hydra's attack.
The eight-headed hydra bites you but does no damage.
The eight-headed hydra bites you!
You die...
Your body crumbles into a pile of gold.

####### ########
....... #......#
....... #......#
....... #......#
###.......
#......###.........
#.......@D.#.......
$
#......#####$......
#......# #.#####
#.>....# ..
##.##### ### #.#
#<# #.# #+#


You could see an eight-headed hydra.

Vanquished Creatures
  2 hill giants (D:10)
  An ugly thing (D:8)
  A gargoyle (D:10)
  A polar bear (D:10)
  A two-headed ogre (D:9)
  2 trolls
  A hornet (D:8)
  2 hippogriffs
  A centaur simulacrum (D:10)
  3 wyverns
  11 yaks
  A steam dragon (D:10)
  2 hungry ghosts
  4 ice beasts
  Duvessa (D:5)
  2 sky beasts
  9 orc warriors
  9 ogres
  A necrophage (D:8)
  2 phantoms
  2 wolves (D:10)
  4 centaurs
  4 big kobolds
  5 bullfrogs
  4 gnoll sergeants
  Dowan (D:5)
  3 scorpions
  18 wights
  4 howler monkeys
  2 crimson imps
  4 centaur zombies
  3 bullfrog zombies
  5 hounds
  A quasit (D:8)
  4 jellies
  9 orc priests
  2 bullfrog skeletons
  3 iguanas
  14 orc wizards
  11 worker ants
  A bullfrog simulacrum (D:10)
  4 hound zombies
  2 hound skeletons
  A worker ant zombie (D:5)
  A howler monkey skeleton (D:6)
  10 gnolls
  8 adders
  A shadow imp (D:7)
  A white imp (D:10)
  3 ufetubi
  2 oozes
  3 adder zombies
  An adder skeleton (D:6)
  4 worms
  2 dart slugs
  6 leopard geckos
  48 orcs
  3 giant cockroaches
  6 goblins
  12 hobgoblins
  8 jackals
  5 quokkas
  3 ball pythons
  7 bats
  8 frilled lizards
  2 jackal skeletons
  8 kobolds
  A quokka simulacrum (D:10)
  2 quokka skeletons
  6 rats
329 creatures vanquished.

Notes
Turn   | Place    | Note
-------+----------+-------------------------------------------
     0 | D:1      | Jerry the Formicid Fighter began the quest for the Orb.
     0 | D:1      | Reached XP level 1. HP: 18/18 MP: 1/1
    42 | D:1      | Reached XP level 2. HP: 18/24 MP: 2/2
   206 | D:1      | Reached XP level 3. HP: 25/29 MP: 3/3
   325 | D:1      | Reached skill level 3 in Maces & Flails
   761 | D:2      | Reached XP level 4. HP: 6/35 MP: 4/4
  1516 | D:2      | Found a bloodstained altar of Trog.
  1729 | D:3      | Reached XP level 5. HP: 38/41 MP: 5/5
  2164 | D:3      | Reached skill level 4 in Maces & Flails
  2577 | D:3      | Reached XP level 6. HP: 36/47 MP: 6/6
  2907 | D:3      | Found a shimmering altar of Xom.
  2907 | D:3      | Found a shimmering altar of Xom.
  2912 | D:3      | Found a shimmering altar of Xom.
  2914 | D:3      | Found a shimmering altar of Xom.
  3493 | D:4      | Reached skill level 5 in Maces & Flails
  3493 | D:4      | Reached skill level 5 in Shields
  3844 | D:4      | Reached XP level 7. HP: 52/52 MP: 7/7
  3850 | D:4      | Reached skill level 5 in Armour
  4057 | D:5      | Entered Level 5 of the Dungeon
  4091 | D:5      | Noticed Duvessa
  4091 | D:5      | Noticed Dowan
  4102 | D:5      | Killed Duvessa
  4113 | D:5      | Killed Dowan
  4116 | D:5      | Reached skill level 6 in Maces & Flails
  4379 | D:5      | Noticed a hungry ghost
  4462 | D:5      | Paralysed by fainting for 10 turns
  4486 | D:5      | Killed a hungry ghost
  4486 | D:5      | Reached XP level 8. HP: 35/58 MP: 8/8
  5437 | D:5      | Reached skill level 7 in Maces & Flails
  6259 | D:6      | Reached XP level 9. HP: 49/64 MP: 9/9
  6542 | D:6      | Reached skill level 8 in Maces & Flails
  7342 | D:6      | Found a staircase to the Ecumenical Temple.
  7352 | Temple   | Entered the Ecumenical Temple
  7627 | Temple   | Became a worshipper of Gozag Ym Sagoz the Greedy
  7852 | D:6      | Reached skill level 9 in Maces & Flails
  8311 | D:6      | Gained mutation: Your spells are a little harder to cast, but a little more powerful. [potion of mutation]
  8311 | D:6      | Gained mutation: You are clumsy. (Dex -2) [potion of mutation]
  9005 | D:7      | Reached XP level 10. HP: 63/70 MP: 10/10
  9459 | D:8      | Reached skill level 10 in Maces & Flails
  9984 | D:8      | Noticed a purple ugly thing
 10013 | D:8      | Killed a purple ugly thing
 10021 | D:8      | Bought a beef jerky for 16 gold pieces
 10021 | D:8      | Bought a meat ration for 55 gold pieces
 10021 | D:8      | Bought a slice of pizza for 16 gold pieces
 10021 | D:8      | Bought a beef jerky for 16 gold pieces
 10021 | D:8      | Bought a meat ration for 55 gold pieces
 10904 | D:8      | Reached skill level 11 in Maces & Flails
 11024 | D:8      | Bought a beef jerky for 16 gold pieces
 11024 | D:8      | Bought a meat ration for 55 gold pieces
 11024 | D:8      | Bought a bread ration for 55 gold pieces
 11024 | D:8      | Bought a bread ration for 55 gold pieces
 11024 | D:8      | Bought a bread ration for 55 gold pieces
 11344 | D:9      | Reached XP level 11. HP: 72/75 MP: 11/11
 11388 | D:9      | Found a staircase to the Orcish Mines.
 11618 | D:8      | Reached skill level 10 in Shields
 12493 | D:9      | Reached skill level 12 in Maces & Flails
 13209 | D:10     | Entered Level 10 of the Dungeon
 13328 | D:10     | Reached skill level 10 in Armour
 14153 | D:10     | Reached XP level 12. HP: 81/81 MP: 12/12
 14425 | D:10     | Reached skill level 13 in Maces & Flails
 15181 | D:11     | Noticed an eight-headed hydra
 15192 | D:11     | Mangled by an eight-headed hydra

Skill      XL: |  1  2  3  4  5  6  7  8  9 10 11 12 |
---------------+-------------------------------------+-----
Maces & Flails | 3 4 5 6 7 9 11 12 13 | 13.2
Shields        | 4 5 7 8 9 11 | 11.6
Armour         | 4 5 6 7 9 10 | 10.6
Fighting       | |  3.2

Action                   |  1- 3 |  4- 6 |  7- 9 | 10-12 || total
-------------------------+-------+-------+-------+-------++-------
Melee: Flail             |   107 |   259 |   327 |       ||   693
       Morningstar       |       |       |    67 |   569 ||   636
       Mace              |       |       |    41 |   119 ||   160
Invok: Call Merchant     |       |       |       |     2 ||     2
       Potion Petition   |       |       |       |     1 ||     1
  Use: Potion            |       |     1 |     5 |     2 ||     8
       Scroll            |       |       |    16 |     8 ||    24
 Stab: Invisible         |       |       |       |     1 ||     1
  Eat: Chunk             |       |    10 |    14 |       ||    24
       Bread ration      |       |       |     4 |     2 ||     6
       Beef jerky        |       |       |     1 |     5 ||     6
       Royal jelly       |       |       |     1 |       ||     1
       Pizza             |       |       |       |     2 ||     2
Armor: Scale mail        |    60 |   106 |   109 |   194 ||   469
       Skin              |       |       |    30 |       ||    30
Dodge: Dodged            |    45 |   101 |   121 |   197 ||   464
Block: Shield            |    58 |   126 |   130 |   374 ||   688
